 Dungeon Crawl Stone Soup version 0.29-a0-317-gd16b76e6b1 (webtiles) character file.

Game seed: 1854281168937903257

2453 Ijustatesigmund the Cudgeller (level 9, -4/57 HPs)
             Began as a Gargoyle Wanderer on Mar 31, 2022.
             Was a Believer of Cheibriados.
             Slain by a komodo dragon (17 damage)
             ... on level 8 of the Dungeon.
             The game lasted 00:13:33 (7936 turns).

Ijustatesigmund the Cudgeller (Gargoyle Wanderer)   Turns: 7936, Time: 00:13:34

Health: -4/57      AC: 23    Str: 20    XL:     9   Next: 50%
Magic:  13/13      EV:  7    Int: 20    God:    Cheibriados [**....]
Gold:   285        SH:  0    Dex: 10    Spells: 10/10 levels left

rFire   + + .      SeeInvis .   a - +2 flail (protect)
rCold   + + .      Faith    .   (no shield)
rNeg    + . .      Spirit   .   b - +0 chain mail
rPois   ∞          Reflect  .   m - +0 helmet
rElec   +          Harm     .   w - +1 cloak
rCorr   .          Rampage  .   d - +2 pair of gloves of the Immovable Souls {rF++ rC+ Dex-4 Stlth+}
Will    .....                   (no boots)
Stlth   ..........              (no amulet)
HPRegen 0.19/turn               l - ring of protection from cold
MPRegen 0.13/turn               (no ring)

@: about to teleport, very slow
A: sickness immunity, AC +6, negative energy resistance 1, electricity
resistance, torment resistance 1, petrification resistance
a: Renounce Religion, Bend Time


You were on level 8 of the Dungeon.
You worshipped Cheibriados.
Cheibriados was pleased with you.
You visited 2 branches of the dungeon, and saw 9 of its levels.
You also visited: Bailey.

You collected 431 gold pieces.
You spent 146 gold pieces at shops.

Inventory:

Hand Weapons
 a - a +2 flail of protection (weapon)
 c - a +2 mace of flaming
Armour
 b - a +0 chain mail (worn)
 d - the +2 pair of gloves of the Immovable Souls (worn) {rF++ rC+ Dex-4 Stlth+}
   (You acquired it on level 6 of the Dungeon)

   Dex:       It affects your dexterity (-4).
   rF:        It greatly protects you from fire.
   rC:        It protects you from cold.
   Stlth:     It makes you more stealthy.
 m - a +0 helmet (worn)
 w - a +1 cloak (worn)
Jewellery
 l - a ring of protection from cold (left hand)
Wands
 e - a wand of digging (5)
 r - a wand of mindburst (5)
Scrolls
 h - a scroll of vulnerability {unknown}
 j - 2 scrolls of blinking
 t - a scroll of identify
 u - 3 scrolls of amnesia
Potions
 g - a potion of berserk rage
 i - 5 potions of curing
 k - 2 potions of resistance
 n - a potion of flight
 o - a potion of lignification
 p - 2 potions of heal wounds
 q - a potion of might {unknown}
 s - a potion of attraction {unknown}


   Skills:
 + Level 7.6 Fighting
 + Level 7.6(7.7) Maces & Flails
 - Level 1.0(4.8) Staves
 + Level 5.7 Armour
 - Level 1.1 Stealth
 - Level 1.0 Spellcasting
 + Level 5.6 Invocations
 - Level 3.6 Evocations


You had 10 spell levels left.
You didn't know any spells.
Your spell library contained the following spells:

 Spells                   Type           Power      Damage    Failure   Level
 Corpse Rot               Necr/Air       2%         N/A       93%         2
 Poisonous Vapours        Pois/Air       2%         N/A       93%         2
 Gell's Gravitas          Tloc           1%         N/A       99%         3
 Lesser Beckoning         Tloc           1%         N/A       99%         3
 Teleport Other           Tloc           1%         N/A       99%         3


Dungeon Overview and Level Annotations

Branches:
Dungeon (8/15)             Temple (1/1) D:4          Bailey (visited)
   Lair: D:8-11

Altars:
Ashenzari
Cheibriados
Dithmenos
Elyvilon
Fedhas
Gozag
Hepliaklqana
Kikubaaqudgha
Makhleb
Nemelex Xobeh
Okawaru
Qazlal
Ru
Sif Muna
Trog
Uskayaw
Vehumet
Wu Jian
Xom
Yredelemnul
Zin
The Shining One

Shops:
D:2 !   D:6 !   D:7 *   D:8 *

Annotations:
D:7 4 runed translucent doors


Innate Abilities, Weirdness & Mutations

You are immune to sickness and miasma.
Your stone body is resilient. (AC +6)
You are immune to poison.
You resist negative energy. (rN+)
You are resistant to electric shocks. (rElec)
You are resistant to unholy torment.
You are immune to petrification.


Message History

The orc wizard points at you and mumbles some strange words.
You easily resist.
The orc priest mumbles some strange prayers to Beogh against you.
Beogh smites you!
You sock the bullfrog!
Your weapon exudes an aura of protection.
The bullfrog is heavily wounded.
The bullfrog hits you but does no damage.
The orc barely misses you.
The orc wizard points at you and mumbles some strange words.
You easily resist.
The orc priest hits you from afar with a +0 trident.
You sock the bullfrog!
You kill the bullfrog!
Cheibriados thoroughly appreciates the change of pace.
The orc priest barely misses you. The orc hits you but does no damage.
The orc wizard completely misses you.
Aiming: Mindburst
Press: ? - help, Shift-Dir - straight line, f - orc priest
Aim: an orc priest, wielding a +0 trident (chance to affect: 78%)
The orc priest's mind is blasted!
You blow up the orc priest!
Cheibriados appreciates the change of pace.
The orc wizard closely misses you. The orc hits you but does no damage.
Aiming: Mindburst
Press: ? - help, Shift-Dir - straight line, f - orc wizard
Aim: an orc wizard, wielding a +0 dagger and wearing a +0 robe (chance to affect: 78%)
The orc wizard barely resists.
The komodo dragon bites you! The orc barely misses you.
The orc wizard gestures at you while chanting.
The magic dart hits you but does no damage.
The orc hits you but does no damage.
As you read the scroll of teleportation, it crumbles to dust.
You feel strangely unstable. The komodo dragon bites you!
* * * LOW HITPOINT WARNING * * *
The orc hits you but does no damage. The orc hits you with a +0 short sword.
* * * LOW HITPOINT WARNING * * *
The orc wizard hits you but does no damage.
The komodo dragon bites you!
You die...

#...........
##..........
#.....:....##
#....>......# .#
............# ...
........)...##..
........†.......
##..ooo....#
#....@l....#
####.##......# ##.
..... ##...#.##...
...... ##.........
!.....###.........
####...................
#....###..##.#.......##
#....### #.#.∩......#
#......#####.###......#


You could see a komodo dragon, an orc wizard and 2 orcs.

Vanquished Creatures
  Sigmund (D:5)
  2 steam dragons (D:7)
  3 sky beasts
  2 orc warriors
  2 black bears
  2 ice beasts
  An ogre (D:5)
  A bullfrog (D:8)
  A scorpion (D:4)
  4 wights (D:7)
  4 howler monkeys
  2 hounds
  An orc priest (D:8)
  3 jellies
  4 iguanas
  7 orc wizards
  A hound zombie (D:2)
  7 adders
  2 shadow imps
  A worm (D:4)
  3 dart slugs
  23 orcs
  4 ball pythons
  5 bats
  2 bat skeletons (D:2)
  5 endoplasms
  3 giant cockroaches
  9 goblins
  3 hobgoblins
  3 jackals (D:3)
  3 kobolds
  4 quokkas
  3 frilled lizards
  4 rats
125 creatures vanquished.

Vanquished Creatures (others)
  44 fungi (D:8)
  36 plants (D:8)
80 creatures vanquished.

Grand Total: 205 creatures vanquished

Notes
Turn   | Place    | Note
-------+----------+-------------------------------------------
     0 | D:1      | Ijustatesigmund the Gargoyle Wanderer began the quest for
                  | the Orb.
     0 | D:1      | Ijustatesigmund set off with the following items: a +2
                  | mace, a +0 quarterstaff, a piece from Xom's chessboard
                  | (15/15), a potion of invisibility, a +0 leather armour
     0 | D:1      | Reached XP level 1. HP: 10/10 MP: 2/2
   360 | D:1      | Reached skill level 1 in Fighting
   452 | D:1      | Reached XP level 2. HP: 16/16 MP: 3/3
   469 | D:1      | Found a faded altar of an unknown god.
  1238 | D:2      | Reached XP level 3. HP: 18/21 MP: 4/4
  1507 | D:2      | Found Pamecar's Distillery.
  1515 | D:2      | Bought a potion of curing for 36 gold pieces
  1539 | D:2      | Reached XP level 4. HP: 24/27 MP: 5/5
  1801 | D:3      | Identified the +5 hunting sling "Loz Doa" {venom, rPois
                  | Dex-4 SInv}
  2318 | D:4      | Reached XP level 5. HP: 17/32 MP: 6/6
  2536 | D:4      | Found a staircase to the Ecumenical Temple.
  3135 | D:4      | Reached skill level 5 in Maces & Flails
  3135 | D:4      | Reached XP level 6. HP: 33/38 MP: 7/7
  3559 | Temple   | Entered the Ecumenical Temple
  4160 | Temple   | Became a worshipper of Cheibriados the Contemplative
  4229 | D:5      | Entered Level 5 of the Dungeon
  4313 | D:5      | Noticed an ice beast
  4326 | D:5      | Killed an ice beast
  4327 | D:5      | Reached skill level 1 in Armour
  4327 | D:5      | Reached skill level 1 in Invocations
  4339 | D:5      | Reached skill level 5 in Fighting
  4339 | D:5      | Reached XP level 7. HP: 33/44 MP: 8/8
  4464 | D:5      | Noticed Sigmund
  4473 | D:5      | Killed Sigmund
  4596 | D:5      | Reached XP level 8. HP: 46/51 MP: 8/10
  5265 | D:6      | Reached * piety under Cheibriados
  5418 | D:6      | Found Owiqokh's Distillery.
  5430 | D:6      | Bought a potion of berserk rage for 55 gold pieces
  5430 | D:6      | Bought a potion of heal wounds for 55 gold pieces
  5499 | D:6      | Identified a scroll of acquirement
  5499 | D:6      | Acquired the +2 pair of gloves of the Immovable Souls {rF++
                  | rC+ Dex-4 Stlth+}
  6174 | D:7      | Reached XP level 9. HP: 53/56 MP: 12/12
  6248 | D:7      | Found a huge runed translucent gate.
  6248 | D:7      | Found a huge runed translucent gate.
  6248 | D:7      | Found a huge runed translucent gate.
  6248 | D:7      | Found a huge runed translucent gate.
  6248 | D:7      | Noticed a polar bear
  6248 | D:7      | Noticed a polar bear
  6248 | D:7      | Noticed a polar bear
  6248 | D:7      | Noticed a death yak
  6249 | D:7      | Noticed a polar bear
  6249 | D:7      | Noticed a polar bear
  6249 | D:7      | Noticed a polar bear
  6249 | D:7      | Noticed a polar bear
  6250 | D:7      | Noticed a polar bear
  6477 | D:7      | Reached skill level 5 in Armour
  6543 | D:7      | Reached skill level 5 in Invocations
  6803 | D:7      | Found a broken altar of Ashenzari.
  6902 | D:7      | Found Otuof's General Store.
  7417 | D:8      | Found a flagged portal.
  7421 | D:8      | Reached ** piety under Cheibriados
  7431 | Bailey   | Entered a bailey
  7632 | Bailey   | Noticed an orc knight
  7917 | D:8      | Found Nepabb's Assorted Antiques.
  7928 | D:8      | Noticed a komodo dragon
  7936 | D:8      | Slain by a komodo dragon

Illustrated notes

Levels and vault maps discovered:
D:1:      dpeg_arrival_erosion, layout_loops_cross,
          shapermc_ecumenical_altar_mp_highgroup
D:2:      layout_basic, serial_shops, shop, serial_undead, serial_undead_e,
          serial_undead_f, serial_undead_e, serial_undead_e
D:3:      layout_rooms
D:4:      layout_basic, minmay_temple_entry_sparse_star,
          serial_co_window_serial, co_window_paths_a, co_window_paths_b,
          co_window_corner_a, co_window_paths_b, co_window_paths_a,
          co_window_corner_ca, co_window_corner_b, co_window_cross_3,
          glass_columns_a, glass_columns_c, glass_columns_a,
          hangedman_glass_teeth, dreamdust_wishing_well
D:5:      layout_loops_ring, minmay_circle_x, uniq_sigmund
D:6:      layout_basic, serial_shops, shop
D:7:      lemuel_bear_cage, layout_loops_ring, nicolae_ashenzari_skybound,
          serial_shops, shop
D:8:      layout_cave_pools, due_lair_maze_entry_diamond, enter_bailey_5,
          serial_shops, shop
Temple:   mainiacjoe_temple_starburst

Skill      XL: |  1  2  3  4  5  6  7  8  9 |
---------------+----------------------------+-----
Fighting       | 1 2 3 4 5 6 7 |  7.6
Maces & Flails | 4 5 6 7 |  7.6
Armour         | 1 2 4 5 |  5.7
Invocations    | 1 2 4 5 |  5.6
Staves         | |  1.0
Stealth        | |  1.1
Spellcasting   | |  1.0
Evocations     | |  3.6

Action                   |  1- 3 |  4- 6 |  7- 9 || total
-------------------------+-------+-------+-------++-------
Melee: Mace              |    63 |   123 |    13 ||   199
       Punch             |       |     1 |     6 ||     7
       Flail             |       |       |   254 ||   254
Invok: Bend Time         |       |       |     2 ||     2
Evoke: Wand              |       |       |     9 ||     9
  Use: Scroll            |     4 |     3 |    11 ||    18
       Potion            |       |       |     3 ||     3
 Stab: Sleeping          |     4 |       |       ||     4
       Invisible         |       |       |     1 ||     1
Armor: Leather armour    |    32 |       |       ||    32
       Chain mail        |       |   107 |   227 ||   334
Dodge: Dodged            |    44 |    31 |   104 ||   179

Table legend: (Time is in decaauts)
 A = Elapsed time spent in this place.
 B = Non-inter-level travel time spent in this place.
 C = Inter-level travel time spent in this place.
 D = Time resting spent in this place.
 E = Time spent auto-exploring this place.
 F = Levels seen in this place.
 G = Mean time per level.
                   A        B        C        D        E       F      G
               +--------+--------+--------+--------+--------+-----+--------+
         Total |   8805 |   8342 |    463 |   1006 |   6162 |  10 |  880.5 |
       Dungeon |   7884 |   7536 |    348 |    891 |   5565 |   8 |  985.5 |
        Temple |    669 |    555 |    114 |      0 |    547 |   1 |  669.0 |
        Bailey |    251 |    251 |      0 |    115 |     49 |   1 |  251.0 |
               +--------+--------+--------+--------+--------+-----+--------+

Top non-repeatable levels by time:
     D:7: 1569 daAuts
     D:4: 1309 daAuts
     D:6: 1208 daAuts
     D:5: 1183 daAuts
     D:1: 1082 daAuts
     D:2: 703 daAuts
  Temple: 669 daAuts
     D:3: 514 daAuts
     D:8: 313 daAuts
  Bailey: 251 daAuts
